 Dungeon Crawl Stone Soup version 0.30.1-3-gfc49f6343a (webtiles) character file.

Game seed: 8281176525355004051

365 LynnLen the Sneak (level 6, -5/28 HPs)
             Began as a Spriggan Enchanter on Aug 4, 2023.
             Slain by a sleepcap (21 damage)
             ... on level 5 of the Dungeon.
             The game lasted 00:16:03 (5537 turns).

LynnLen the Sneak (Spriggan Enchanter)              Turns: 5537, Time: 00:16:03

Health: -5/28      AC:  2    Str:  4    XL:     6   Next: 40%
Magic:  8/12       EV:  4    Int: 19    God:
Gold:   285        SH:  0    Dex: 15    Spells: 4/12 levels left

rFire   . . .        a - +1 dagger
rCold   . . .        (no shield)
rNeg    . . .        b - +0 robe
rPois   .            (helmet restricted)
rElec   .            (no cloak)
rCorr   .            (gloves unavailable)
SInv    +            (boots unavailable)
Will    +....        k - amulet of the acrobat
Stlth   +++          (no ring)
HPRegen 0.24/turn    (no ring)
MPRegen 0.13/turn

%: acrobat
@: sleeping, very quick
A: very small, no large weapons, unfitting armour, see invisible, speed 3
a: no special abilities


You were on level 5 of the Dungeon.
You visited 1 branch of the dungeon, and saw 5 of its levels.

You collected 285 gold pieces.

Inventory:

Hand Weapons
 a - a +1 dagger (weapon)
Armour
 b - a +0 robe (worn)
Jewellery
 k - an amulet of the acrobat (around neck)
Wands
 t - a wand of paralysis (10)
Scrolls
 d - 2 scrolls of summoning
 f - a scroll of brand weapon {unknown}
 h - a scroll of immolation {unknown}
 i - a scroll of enchant weapon {unknown}
 m - 2 scrolls of amnesia
 n - a scroll of identify
 p - a scroll of blinking {unknown}
 r - a scroll of vulnerability {unknown}
Potions
 c - 2 potions of invisibility
 e - 2 potions of might
 g - a potion of resistance
 j - 4 potions of curing
 l - 2 potions of haste
 o - a potion of heal wounds
 q - 2 potions of mutation
 s - a potion of attraction


   Skills:
 + Level 2.8 Short Blades
 + Level 3.9 Dodging
 + Level 5.7 Stealth
 + Level 3.7 Spellcasting
 * Level 5.4 Hexes
 * Level 2.3 Ice Magic


You had 4 spell levels left.
You knew the following spells:

 Your Spells              Type           Power      Damage    Failure   Level
a - Ensorcelled Hibernat  Hex/Ice        36%        N/A       4%          2
b - Confusing Touch       Hex            24%        N/A       4%          3
c - Tukima's Dance        Hex            24%        N/A       4%          3

Your spell library contained the following spells:

 Spells                   Type           Power      Damage    Failure   Level
 Dazzling Flash           Conj/Hex       26%        N/A       14%         3
 Cause Fear               Hex            12%        N/A       16%         4
 Cigotuvi's Dreadful Rot  Necr/Pois/Air  6%         N/A       22%         2
 Anguish                  Hex/Necr       6%         N/A       41%         4
 Dispel Undead            Necr           3%         3d7       80%         4
 Death Channel            Necr           1%         N/A       100%        6
 Enfeeble                 Hex            12%        N/A       100%        7


Dungeon Overview and Level Annotations

Branches:
Dungeon (5/15)
 Temple: D:4-7

Altars:
Elyvilon
Fedhas
Zin
The Shining One

Shops:
D:1 (   D:2 =

Annotations:
D:3 exclusion: oklob plant
D:4 2 transporters, bairyn's ghost, novice SpRe


Innate Abilities, Weirdness & Mutations

You are very small and have problems with some larger weapons.
You are too small for most types of armour.
You have supernaturally acute eyesight. (SInv)
You cover ground extremely quickly. (Speed+++)


Message History

You hit the ufetubus.
The ufetubus is almost dead.
You hit the ufetubus but do no damage.
The ufetubus is almost dead.
The ufetubus closely misses you. The ufetubus completely misses you.
You barely miss the ufetubus.
The ufetubus is almost dead.
The ufetubus hits you. The ufetubus misses you.
You hit the ufetubus but do no damage.
You punch the ufetubus, but do no damage.
The ufetubus is almost dead.
The ufetubus barely misses itself.
The ufetubus hits itself.
The ufetubus is killed!
Casting: Confusing Touch (quite dangerous; 4% risk of failure)
Confirm with . or Enter, or press ? or * to list all spells.
The spell is quite dangerous to miscast (4% risk of failure)!
Continue anyway?
Your hands begin to glow red.
You hit the sleepcap but do no damage. The sleepcap releases spores at you!
You hit the sleepcap but do no damage.
The sleepcap appears confused.
The sleepcap completely misses you.
You hit the sleepcap but do no damage. You hit the sleepcap.
The sleepcap is lightly damaged.
The sleepcap misses you.
You hit the sleepcap but do no damage.
The sleepcap is lightly damaged.
The sleepcap releases spores at itself.
You strike the helpless sleepcap from behind!
You puncture the sleepcap!
The sleepcap is almost destroyed.
The sleepcap barely misses you.
You hit the sleepcap but do no damage.
The sleepcap is almost destroyed.
The sleepcap releases spores at you.
You are engulfed in a cloud of soporific spores!
You fall asleep.
The sleepcap releases spores at itself but does no damage.
The sleepcap releases spores at you!!
Ouch! That really hurt!
You die...

#.....# .....
###.....# ....
.......# ##
... #.....#
....#.
#####.....#
#..
##+#....f#.###
###
#........#.#
#.....<..#.#
#........#@#
#.........f#
##+#...#.###
......#.#
#.#.#.#.#
#.#.###.# # #.
..# ###


You could see a sleepcap (confused).

Vanquished Creatures
  A scorpion (D:2)
  A hound (D:5)
  2 orc priests (D:4)
  Terence (D:2)
  An iguana (D:4)
  3 gnolls (D:3)
  5 adders
  An ufetubus (D:5)
  3 worms
  2 dart slugs (D:4)
  4 orcs (D:4)
  2 bats
  9 endoplasms
  5 giant cockroaches
  7 goblins
  7 hobgoblins
  3 jackals (D:3)
  4 quokkas
  6 ball pythons
  2 frilled lizards
  3 kobolds
  3 rats (D:2)
75 creatures vanquished.

Notes
Turn   | Place    | Note
-------+----------+-------------------------------------------
     0 | D:1      | LynnLen the Spriggan Enchanter began the quest for the Orb.
     0 | D:1      | Reached XP level 1. HP: 9/9 MP: 5/5
   326 | D:1      | Reached XP level 2. HP: 13/13 MP: 6/6
   329 | D:1      | Learned a level 2 spell: Ensorcelled Hibernation
   607 | D:1      | Found Qatiuptu's Weapon Shoppe.
  1253 | D:2      | Reached XP level 3. HP: 16/16 MP: 5/8
  1257 | D:2      | Learned a level 3 spell: Confusing Touch
  1261 | D:2      | Learned a level 3 spell: Tukima's Dance
  1416 | D:2      | Found a faded altar of an unknown god.
  1417 | D:2      | Noticed a golden eye
  1419 | D:2      | Noticed a great orb of eyes
  1419 | D:2      | Noticed a floating eye
  1419 | D:2      | Noticed a floating eye
  1698 | D:2      | Noticed Terence
  1845 | D:2      | Killed Terence
  1846 | D:2      | Reached skill level 1 in Ice Magic
  1846 | D:2      | Reached XP level 4. HP: 21/21 MP: 4/9
  1967 | D:2      | Reached skill level 5 in Stealth
  2107 | D:2      | Found Xitiarph's Jewellery Emporium.
  2236 | D:2      | Noticed a scorpion
  2268 | D:2      | Killed a scorpion
  2269 | D:2      | Reached XP level 5. HP: 24/24 MP: 2/11
  3490 | D:3      | Found a blossoming altar of Fedhas.
  3506 | D:3      | Noticed an oklob plant
  3794 | D:3      | Reached skill level 5 in Hexes
  3827 | D:4      | Found a transporter.
  4051 | D:4      | Found a white marble altar of Elyvilon.
  4051 | D:4      | Found a glowing golden altar of the Shining One.
  4051 | D:4      | Found a glowing silver altar of Zin.
  4155 | D:4      | Found a transporter.
  4157 | D:4      | Noticed bairyn's ghost (novice SpRe)
  4160 | D:4      | Noticed an ogre
  4354 | D:4      | Reached XP level 6. HP: 28/28 MP: 9/12
  4846 | D:4      | Identified the +1 ring mail "Kesialig" {-Cast rElec Dex+6
                  | SInv}
  5100 | D:4      | Paralysed by a hobgoblin for 2 turns
  5382 | D:5      | Entered Level 5 of the Dungeon
  5537 | D:5      | Slain by a sleepcap

Illustrated notes

Levels and vault maps discovered:
D:1:      beargit_arrival_diablo_church, layout_loops_ring, serial_shops,
          nicolae_shop_trees, skrybe_limestone_x
D:2:      minmay_wonky_spiral, layout_basic,
          hellmonk_ecumenical_altar_watching_god, serial_shops, shop_fountains,
          uniq_terence
D:3:      layout_basic, tgw_fedhas
D:4:      cheibrodos_pilgrimage, layout_loops_corners, good_gods_mini_temple,
          gammafunk_ghost_smash
D:5:      layout_basic, minitemple, minmay_temple_entry_glass, kennysheep_path_1

Skill      XL: |  1  2  3  4  5 |
---------------+----------------+-----
Spellcasting   | 3 |  3.7
Hexes          | 4 5 |  5.4
Dodging        | 3 |  3.9
Ice Magic      | 1 2 |  2.3
Stealth        | 5 |  5.7
Short Blades   | 2 |  2.8

Action                     |  1- 3 |  4- 6 || total
---------------------------+-------+-------++-------
  Melee: Dagger            |    64 |   169 ||   233
         Punch             |     1 |     2 ||     3
   Cast: Ensorcelled Hiber |    12 |    36 ||    48
         Confusing Touch   |       |     2 ||     2
    Use: Scroll            |     4 |     4 ||     8
   Stab: Sleeping          |    19 |    27 ||    46
         Confused          |       |     1 ||     1
 Armour: Robe              |     5 |    16 ||    21
  Dodge: Dodged            |    33 |   153 ||   186
